 Dungeon Crawl Stone Soup version 0.29-a0-986-gdf0a18e73c (webtiles) character file.

Game seed: 5578606932042993371

15432 CannotBeFrozen the Skirmisher (level 12, -12/87 HPs)
             Began as a Human Gladiator on Aug 1, 2022.
             Was a High Priest of Hepliaklqana.
             Killed by divine providence
             ... invoked by a meliai
              (15 damage)
             ... on level 12 of the Dungeon on Aug 2, 2022.
             The game lasted 00:41:04 (14129 turns).

CannotBeFrozen the Skirmisher (Human Gladiator)    Turns: 14129, Time: 00:41:05

Health: -12/87     AC: 14    Str: 16    XL:     12   Next: 57%
Magic:  16/16      EV: 17    Int:  9    God:    Hepliaklqana [*****.]
Gold:   682        SH:  5    Dex: 18    Spells: 11/11 levels left

rFire   . . .      SeeInvis .   a - +3 arbalest (flame)
rCold   . . .      Faith    .   (shield currently unavailable)
rNeg    . . .      Spirit   .   P - +0 acid dragon scales
rPois   +          Reflect  +   c - +1 helmet
rElec   .          Harm     .   j - +0 cloak
rCorr   +          Rampage  .   (no gloves)
Will    .....                   (no boots)
Stlth   +.........              o - amulet of reflection
HPRegen 0.24/turn               x - ring of poison resistance
MPRegen 0.15/turn               q - +4 ring of protection

@: no status effects
A: reduced essence
a: Renounce Religion, Recall Ancestor, Ancestor Identity, Transference, Idealise


You were on level 12 of the Dungeon.
You worshipped Hepliaklqana.
Hepliaklqana was extremely pleased with you.
You visited 1 branch of the dungeon, and saw 12 of its levels.
You also visited: Ossuary.

You collected 682 gold pieces.

Inventory:

Hand Weapons
 a - a +3 arbalest of flaming (weapon)
 b - a +0 shortbow
 L - a +1 long sword
Missiles
 d - 3 throwing nets {=f=F}
 e - a javelin
 r - 2 datura-tipped darts {=f=F}
 w - 4 curare-tipped darts {=f=F}
 y - 17 poisoned darts (quivered)
Armour
 c - a +1 helmet (worn)
 j - a +0 cloak (worn)
 P - +0 acid dragon scales (worn)
Jewellery
 o - an amulet of reflection (around neck)
 q - a +4 ring of protection (right hand)
 u - a ring of ice
 x - a ring of poison resistance (left hand)
 I - a ring of resist corrosion
Wands
 t - a wand of flame (13)
 z - a wand of iceblast (13)
 M - a wand of light (6)
 T - a wand of mindburst (7)
Scrolls
 g - 2 scrolls of summoning
 k - 9 scrolls of teleportation {@r2}
 n - a scroll of fog
 s - 6 scrolls of blinking
 E - a scroll of enchant armour
 F - 3 scrolls of identify {@r1}
 H - a scroll of amnesia
 K - a scroll of immolation
 N - a scroll of vulnerability
 O - a scroll of enchant weapon
 R - 3 scrolls of torment
 S - a scroll of fear {unknown}
Potions
 f - a potion of ambrosia
 h - 4 potions of might
 i - 10 potions of curing {@q1}
 l - 4 potions of haste
 m - a potion of attraction
 p - a potion of flight
 v - 2 potions of magic
 A - a potion of resistance
 B - 2 potions of berserk rage
 C - 3 potions of brilliance
 D - 2 potions of lignification
 G - a potion of mutation
 Q - a potion of heal wounds {@q2}
Miscellaneous
 J - a phantom mirror


   Skills:
 - Level 10.0 Fighting
 - Level 3.8 Long Blades
 * Level 11.9 Ranged Weapons
 - Level 2.1 Throwing
 - Level 5.0 Armour
 - Level 10.0 Dodging
 + Level 6.1 Invocations


You had 11 spell levels left.
You didn't know any spells.
Your spell library contained the following spells:

 Spells                   Type           Power      Damage    Failure   Level
 Slow                     Hex            0%         N/A       47%         1
 Blink                    Tloc           0%         N/A       63%         2
 Confusing Touch          Hex            0%         N/A       85%         3
 Lesser Beckoning         Tloc           0%         N/A       85%         3
 Summon Guardian Golem    Hex/Summ       0%         N/A       85%         3
 Vampiric Draining        Necr           0%         2d6       85%         3
 Freezing Cloud           Conj/Ice/Air   0%         6-21      100%        5
 Manifold Assault         Tloc           0%         N/A       100%        5
 Summon Forest            Summ/Tloc      0%         N/A       100%        5
 Eringya's Noxious Bog    Tmut/Pois      0%         N/A       100%        6
 Simulacrum               Ice/Necr       0%         N/A       100%        6
 Orb of Destruction       Conj           0%         9d5       100%        7
 Spellforged Servitor     Conj/Summ      0%         N/A       100%        7
 Summon Hydra             Summ           0%         N/A       100%        7
 Polar Vortex             Ice            0%         N/A       100%        9


Dungeon Overview and Level Annotations

Branches:
Dungeon (12/15)            Temple (0/1) D:6            Lair (0/5) D:10
    Orc (0/2) D:12        Ossuary (visited)

Altars:
Hepliaklqana
Makhleb
Ru


Message History

HP: 48/87 (-9) ======------ !
You shoot a bolt. Rodney avoids your attack.
The bolt hits the killer bee!!
The bolt burns the killer bee.
You kill the killer bee!
The meliai closely misses Rodney.
The meliai stings Rodney but does no damage.
The meliai invokes the aid of its god against you.
Something smites you!
* * * LOW HITPOINT WARNING * * *
The meliai calls down the wrath of its god upon you.
Something smites you!
* * * LOW HITPOINT WARNING * * *
The meliai calls down the wrath of its god upon you.
Something smites you!
* * * LOW HITPOINT WARNING * * *
Rodney closely misses the meliai.
The killer bee stings Rodney but does no damage.
The meliai hits Rodney but does no damage.
Rodney blocks the meliai's attack.
You hear an angry buzzing noise. x2
HP: 19/87 (-29) ==---------- !!!
You are too injured to fight recklessly!
You are too injured to fight recklessly!
Throw: 18 darts (poison)
Press: ? - help, Q - select action, (/) - cycle Shift-Dir - straight line, f - meliai
Aim: a meliai, wielding a +0 war axe and wearing a +0 robe (ally target, 55% to hit)
You throw a poisoned dart. Rodney avoids your attack.
The poisoned dart closely misses the meliai.
A killer bee comes into view.
The meliai invokes the aid of its god against you.
Something smites you!
* * * LOW HITPOINT WARNING * * *
The killer bee stings Rodney.
Rodney hits the killer bee with a +0 flail.
Rodney blocks the killer bee's attack.
The meliai hits Rodney but does no damage.
Rodney blocks the meliai's attack.
The meliai calls down the wrath of its god upon you.
Something smites you!
You die...

#........#
#.#...#.#...#
#........#
#.###.###.### ..
#........#
#...#.......# ##
####.#####
#######'##### #.## ###
#..### ....### ##...#
.!.yyyy###########.###
#yR.@.#.........# ##
#####...........# .#
###.........# ..+
#.........# ###
###########


You could see the friendly Rodney the knight, 3 meliai and 2 killer bees.

Vanquished Creatures
  Erolcha (D:9)
  Sonja (D:11)
  Pikel (D:7)
  A manticore (D:7)
  Maurice (D:11)
  2 gargoyles
  A troll (D:11)
  3 slime creatures (D:12)
  2 shadows
  4 yaks
  3 wraiths
  2 wyverns (D:9)
  2 wargs (D:12)
  A vampire mosquito (D:12)
  An acid dragon (D:11)
  2 water moccasins
  5 orc warriors
  An ice beast (D:6)
  An ogre (D:4)
  A wolf (D:8)
  3 centaurs
  2 bullfrogs
  8 scorpions
  Dowan (D:5)
  9 killer bees
  4 howler monkeys
  A human zombie (Ossuary)
  3 orc priests
  Jessica (D:3)
  Natasha (D:2)
  An iguana (D:6)
  5 scorpion zombies (Ossuary)
  6 orc wizards
  7 adders
  A shadow imp (D:7)
  2 white imps
  An ufetubus (D:4)
  16 orcs
  5 ball pythons
  2 endoplasms
  3 giant cockroaches
  4 goblins
  11 hobgoblins
  5 jackals
  6 kobolds
  A quokka (D:1)
  11 bats
  3 frilled lizards
  2 hobgoblin zombies (Ossuary)
  3 orc zombies (Ossuary)
  3 rats
167 creatures vanquished.

Vanquished Creatures (collateral kills)
  An orc knight (D:10)
  3 ugly things
  A yaktaur (D:10)
  A hornet (D:8)
  2 slime creatures (D:12)
  A wraith (D:11)
  A vampire (D:9)
  6 yaks
  Grum (D:8)
  A vampire mosquito (D:12)
  2 orc warriors
  2 ice beasts
  3 ogres
  A sky beast (D:7)
  A wolf (D:8)
  2 centaurs
  2 kobold brigands
  A necrophage (D:4)
  10 scorpions
  8 killer bees
  A howler monkey (D:10)
  2 centaur zombies (Ossuary)
  5 hounds
  A jelly (D:4)
  A gnoll bouda (D:7)
  An orc priest (D:6)
  Natasha (twice) (D:2)
  5 iguanas
  3 orc wizards
  4 scorpion zombies (Ossuary)
  3 mummies (Ossuary)
  A gnoll (D:3)
  3 adders
  A worm (D:5)
  14 orcs
  4 ball pythons
  2 bats
  3 endoplasms
  A giant cockroach (D:3)
  A gnoll zombie (Ossuary)
  A goblin (D:3)
  4 hobgoblins
  A jackal (D:2)
  11 kobolds
  2 frilled lizards
  A kobold zombie (Ossuary)
  2 rats
130 creatures vanquished.

Vanquished Creatures (others)
  5 knights
  18 fungi (D:5)
23 creatures vanquished.

Grand Total: 320 creatures vanquished

Notes
Turn   | Place    | Note
-------+----------+-------------------------------------------
     0 | D:1      | CannotBeFrozen the Human Gladiator began the quest for the
                  | Orb.
     0 | D:1      | Reached XP level 1. HP: 16/16 MP: 1/1
    12 | D:1      | Found a faded altar of an unknown god.
    40 | D:1      | Prayed at the altar of an unknown god.
    40 | D:1      | Became a worshipper of Hepliaklqana the Forgotten
    40 | D:1      | Reached * piety under Hepliaklqana
    62 | D:1      | Reached XP level 2. HP: 4/19 MP: 2/2
   509 | D:1      | Reached XP level 3. HP: 23/24 MP: 3/3
   608 | D:1      | Upgraded the game from 0.29-a0-977-g7483850d73 to
                  | 0.29-a0-986-gdf0a18e73c
  1158 | D:2      | Noticed Natasha
  1166 | D:2      | Killed Natasha
  1167 | D:2      | Reached XP level 4. HP: 24/31 MP: 4/4
  1281 | D:2      | Noticed Natasha
  1302 | D:2      | Killed Natasha
  1532 | D:2      | Reached XP level 5. HP: 37/37 MP: 5/5
  1819 | D:2      | Noticed Natasha
  1828 | D:2      | Killed Natasha
  1938 | D:2      | Reached ** piety under Hepliaklqana
  1958 | D:3      | Remembered your ancestor Rodney as a knight
  2435 | D:3      | Noticed Jessica
  2443 | D:3      | Killed Jessica
  2444 | D:3      | Reached skill level 5 in Fighting
  2444 | D:3      | Reached XP level 6. HP: 41/45 MP: 6/6
  2803 | D:4      | Reached *** piety under Hepliaklqana
  2821 | D:4      | Found a sacrificial altar of Ru.
  2823 | D:4      | Noticed an ogre
  2831 | D:4      | Killed an ogre
  2832 | D:4      | Reached XP level 7. HP: 31/53 MP: 7/7
  2838 | D:4      | Found a hazy altar of Hepliaklqana.
  2838 | D:4      | Found a burning altar of Makhleb.
  2888 | D:4      | Noticed Ijyb
  2889 | D:4      | Noticed Ijyb
  2889 | D:4      | Ijyb changed into Ijyb the jelly
  2897 | D:4      | Killed Ijyb the jelly
  2924 | D:4      | Found a sand-covered staircase.
  2929 | Ossuary  | Entered an ossuary
  3267 | Ossuary  | Reached XP level 8. HP: 54/61 MP: 8/8
  4330 | D:4      | Reached skill level 10 in Fighting
  4636 | D:5      | Entered Level 5 of the Dungeon
  4645 | D:5      | Noticed Edmund
  4951 | D:4      | Noticed Edmund
  4951 | D:4      | Edmund changed into Edmund the hound
  4953 | D:4      | Reached skill level 2 in Ranged Weapons
  4953 | D:4      | Reached XP level 9. HP: 41/70 MP: 9/9
  4953 | D:4      | Killed Edmund the hound
  5121 | D:5      | Reached skill level 3 in Ranged Weapons
  5138 | D:5      | Noticed Duvessa
  5143 | D:5      | Noticed Duvessa
  5143 | D:5      | Duvessa changed into Duvessa the worm
  5145 | D:5      | Killed Duvessa the worm
  5146 | D:5      | Noticed Dowan
  5153 | D:5      | Reached skill level 4 in Ranged Weapons
  5164 | D:5      | Killed Dowan
  5165 | D:5      | Reached skill level 5 in Ranged Weapons
  5468 | D:5      | Reached skill level 6 in Ranged Weapons
  5647 | D:5      | Reached skill level 7 in Ranged Weapons
  6087 | D:6      | Found a staircase to the Ecumenical Temple.
  6216 | D:6      | Reached skill level 1 in Invocations
  6360 | D:6      | Reached **** piety under Hepliaklqana
  6739 | D:6      | Reached XP level 10. HP: 76/76 MP: 11/11
  7146 | D:7      | Noticed Pikel
  7158 | D:7      | Killed Pikel
  7159 | D:7      | Reached skill level 8 in Ranged Weapons
  7429 | D:7      | Reached skill level 5 in Invocations
  7771 | D:7      | Reached skill level 9 in Ranged Weapons
  7772 | D:7      | Noticed a manticore
  7773 | D:7      | Noticed a purple ugly thing
  7797 | D:7      | Killed a purple ugly thing
  7831 | D:7      | Killed a manticore
  7832 | D:7      | Reached skill level 10 in Ranged Weapons
  7871 | D:7      | Identified the amulet of the Dripping Pariah {Spirit Str+4}
  8344 | D:8      | Noticed Grum
  8352 | D:8      | Killed Grum
  8357 | D:8      | Reached XP level 11. HP: 81/81 MP: 14/14
  8742 | D:9      | Reached skill level 11 in Ranged Weapons
  8950 | D:9      | Noticed Erolcha
  8985 | D:9      | Reached skill level 1 in Armour
  9155 | D:9      | Reached ***** piety under Hepliaklqana
  9622 | D:9      | Reached skill level 5 in Dodging
 10141 | D:9      | Killed Erolcha
 10952 | D:10     | Entered Level 10 of the Dungeon
 11288 | D:10     | Noticed an orc knight
 11309 | D:10     | Killed an orc knight
 11523 | D:10     | Found a staircase to the Lair.
 11652 | D:10     | Reached skill level 5 in Armour
 11954 | D:10     | Noticed a red ugly thing
 11961 | D:10     | Killed a red ugly thing
 12242 | D:11     | Noticed Maurice
 12245 | D:11     | Killed Maurice
 12417 | D:11     | Noticed a cyan ugly thing
 12421 | D:11     | Killed a cyan ugly thing
 12422 | D:11     | Reached XP level 12. HP: 87/87 MP: 15/15
 13072 | D:11     | Noticed Sonja
 13077 | D:11     | Killed Sonja
 13517 | D:12     | Reached skill level 10 in Dodging
 13590 | D:12     | Identified the +7 war axe of the Purse {vorpal, Dex+4}
 13835 | D:12     | Found a staircase to the Orcish Mines.
 14074 | D:12     | Found a sacrificial altar of Ru.
 14129 | D:12     | HP: 3/87 [meliai/divine providence (16)]
 14129 | D:12     | Killed from afar by a meliai

Illustrated notes

Levels and vault maps discovered:
D:1:      minmay_arrival_four_houses, layout_rooms,
          ebering_ecumenical_altar_webs, serial_park_tiny_2
D:2:      layout_rooms, uniq_natasha
D:3:      minmay_octagon_keep, layout_basic, serial_corexii_hall,
          corexii_hall_statues_t, corexii_hall_statues_x, uniq_jessica
D:4:      layout_gridville, grunt_temple_overflow_open, enter_ossuary_5,
          uniq_ijyb
D:5:      old_forge, layout_cave_pools, uniq_edmund, uniq_duvessa
D:6:      layout_basic, minmay_temple_entry_junction_2
D:7:      minmay_chambers_of_sixes, layout_cave_pools,
          kennysheep_generic_room_11, uniq_pikel
D:8:      layout_gridville, uniq_grum
D:9:      minmay_recursive_quarters, layout_gridville, uniq_erolcha
D:10:     minmay_wavy_crystal, layout_layer_cave
D:11:     layout_stronghold, uniq_maurice, uniq_sonja
D:12:     layout_roguey [special_room_bee], david_orc_1_choice,
          nicolae_ru_the_path_less_chosen

Skill      XL: |  1  2  3  4  5  6  7  8  9 10 11 12 |
---------------+-------------------------------------+-----
Fighting       | 3 5 6 8 10 | 10.0
Ranged Weapons | 2 7 10 11 | 11.9
Invocations    | 2 5 6 |  6.1
Armour         | 5 |  5.0
Dodging        | 8 10 | 10.0
Long Blades    | |  3.8
Throwing       | |  2.1

Action                   |  1- 3 |  4- 6 |  7- 9 | 10-12 || total
-------------------------+-------+-------+-------+-------++-------
Melee: Long sword        |    74 |    84 |    90 |       ||   248
       Punch             |     2 |     1 |     1 |       ||     4
       Short sword       |       |       |    31 |       ||    31
 Fire: Shortbow          |       |       |   152 |   269 ||   421
       Arbalest          |       |       |       |    88 ||    88
Throw: Javelin           |       |       |     1 |     1 ||     2
       Dart              |       |       |       |     2 ||     2
Invok: Ancestor Identity |     2 |       |       |       ||     2
       Ancestor Life: Kn |       |     1 |       |       ||     1
       Recall Ancestor   |       |       |     1 |     2 ||     3
       Transference      |       |       |     1 |       ||     1
Evoke: Wand              |       |       |    11 |     1 ||    12
       Phantom mirror    |       |       |       |     1 ||     1
  Use: Scroll            |       |     1 |    12 |    13 ||    26
       Potion            |       |       |       |     1 ||     1
 Stab: Distracted        |       |     1 |     1 |       ||     2
Armor: Leather armour    |    37 |    25 |    53 |       ||   115
       Ring mail         |       |       |    10 |    39 ||    49
       Acid dragon scale |       |       |       |     2 ||     2
Dodge: Dodged            |    64 |    45 |   148 |    65 ||   322
Block: Other             |     3 |    25 |    52 |    20 ||   100
       Reflection        |       |     4 |     1 |     2 ||     7

Table legend: (Time is in decaauts)
 A = Elapsed time spent in this place.
 B = Non-inter-level travel time spent in this place.
 C = Inter-level travel time spent in this place.
 D = Time resting spent in this place.
 E = Time spent auto-exploring this place.
 F = Levels seen in this place.
 G = Mean time per level.
                   A        B        C        D        E       F      G
               +--------+--------+--------+--------+--------+-----+--------+
         Total |  14270 |  13771 |    499 |   3612 |   7349 |  13 | 1097.7 |
       Dungeon |  13311 |  12812 |    499 |   3143 |   7125 |  12 | 1109.2 |
       Ossuary |    959 |    959 |      0 |    469 |    224 |   1 |  959.0 |
               +--------+--------+--------+--------+--------+-----+--------+

Top non-repeatable levels by time:
     D:9: 1882 daAuts
     D:4: 1344 daAuts
    D:10: 1292 daAuts
     D:8: 1166 daAuts
     D:5: 1152 daAuts
    D:11: 1149 daAuts
     D:1: 1084 daAuts
 Ossuary: 959 daAuts
     D:6: 897 daAuts
     D:2: 889 daAuts
     D:3: 844 daAuts
     D:7: 836 daAuts
    D:12: 772 daAuts
